 Dungeon Crawl Stone Soup version 0.31-a0-95-g6fa058ef04 (webtiles) character file.

Game seed: 7085250525789635526

88 edwardauron the Changer (level 4, -6/52 HPs)
             Began as a Demonspawn Transmuter on May 25, 2023.
             Was a Follower of Okawaru.
             Mangled by an orc
             ... wielding a +1 heavy trident
              (14 damage)
             ... on level 3 of the Dungeon.
             The game lasted 00:02:28 (1783 turns).

edwardauron the Changer (Demonspawn Transmuter)     Turns: 1783, Time: 00:02:28

Health: -6/52      AC:  5    Str: 11 (13) XL:     4   Next: 30%
Magic:  4/7        EV: 14    Int: 11 (14) God:    Okawaru [*.....]
Gold:   74         SH:  0    Dex: 11 (13) Spells: 6/7 levels left

rFire   . .          .
                       - Unarmed
rCold   . . .        (no shield)
rNeg    . . .        a - +0 robe
rPois   .            (helmet currently unavailable)
rElec   .            (no cloak)
rCorr   .            e - +0 pair of gloves
SInv    .            (boots currently unavailable)
Will    +....        (no amulet) Stlth
                     (no ring)
HPRegen 0.28/turn    (no ring)
MPRegen 0.10/turn

%: no passive effects
@: confused, berserking, appendages (expiring), heroic, enlightened, flying,
very quick
A: horns 2, talons 2, thin metallic scales 1
a: End Transformation, Renounce Religion, Heroism


You were on level 3 of the Dungeon.
You worshipped Okawaru.
Okawaru was aware of your devotion.
You had temporarily grown beastly horns and talons.
You visited 1 branch of the dungeon, and saw 3 of its levels.

You collected 74 gold pieces.

Inventory:

Armour
 a - a +0 robe (worn)
 e - a +0 pair of gloves (worn)
Scrolls
 d - a scroll of enchant armour {unknown}
 f - 2 scrolls of magic mapping {unknown}
 h - a scroll of noise {unknown}
Potions
 j - a potion of heal wounds {unknown}


   Skills:
 - Level 3.0(8.0) Fighting
 - Level 1.7(6.7) Dodging
 - Level 3.0(8.0) Unarmed Combat
 - Level 2.0 Spellcasting
 - Level 3.0 Transmutations
 + Level 0.1 Invocations


You had 6 spell levels left.
You knew the following spells:

 Your Spells              Type           Power      Damage    Failure   Level
a - Beastly Appendage     Tmut           14%        N/A       9%          1

Your spell library contained the following spells:

 Spells                   Type           Power      Damage    Failure   Level
 Wereblood                Tmut           7%         N/A       13%         2
 Sublimation of Blood     Necr           1%         N/A       41%         2
 Spider Form              Tmut/Pois      3%         N/A       45%         3
 Ice Form                 Ice/Tmut       3%         N/A       86%         4
 Petrify                  Tmut/Erth      3%         N/A       86%         4
 Irradiate                Conj/Tmut      1%         3d12      99%         5


Dungeon Overview and Level Annotations

Branches:
Dungeon (3/15)

Altars:
Okawaru

Shops:
D:3 [


Innate Abilities, Weirdness & Mutations

You have temporarily grown beastly horns and talons.
You are partially covered in thin metallic scales. (AC +2)


Message History

The orc priest is moderately wounded.
The orc priest closely misses you.
You hit the orc priest but do no damage.
Your kick misses the orc priest. Your headbutt misses the orc priest.
The orc priest is moderately wounded.
The orc closely misses you. The orc priest hits you with a +0 club.
You punch the orc priest!
You kill the orc priest!
Okawaru accepts your kill.
The orc hits you from afar with a +1 heavy trident.
* * * LOW HITPOINT WARNING * * *
Base training target 3.0 for Fighting reached!
Your base Fighting skill increases to level 3!
You need to enable at least one skill for training.
Base training target 3.0 for Unarmed Combat reached!
Your base Unarmed Combat skill increases to level 3!
You need to enable at least one skill for training.
You have reached level 4!
You feel stronger.
You miss something.
Your transformation is almost over.
Something hits you but does no damage.
You hit something. The orc barely misses you.
You hear some strange, mumbled words.
You are confused.
It was a potion of degeneration.
There was something very wrong with that liquid.
You feel weakened.
You feel dopey.
You feel clumsy.
The orc hits you from afar with a +1 heavy trident.
* * * LOW HITPOINT WARNING * * *
Something hits you.
* * * LOW HITPOINT WARNING * * *
It was a potion of enlightenment.
You feel very buoyant.
You fly up into the air.
Something hits you but does no damage.
It was a potion of berserk rage.
A red film seems to cover your vision as you go berserk!
You feel yourself moving faster!
You feel mighty!
The orc hits you from afar with a +1 heavy trident!
You die...

.....#.#.#..............
##.#...#.....#..........
#.......#.#.#..........
#.......#.#.##....$....
#.......#.#..).........
##......#.####.........
.......#.####?........
########..............
#####@######### #{#


#oo #r.. #.... ...... #...... #....... You could see 2 orcs and a rat.

Vanquished Creatures
  An orc priest (D:3)
  Terence (D:3)
  An adder (D:2)
  An orc (D:3)
  A bat (D:1)
  3 endoplasms
  A giant cockroach (D:2)
  3 goblins (D:2)
  2 hobgoblins (D:1)
  4 jackals (D:1)
  2 kobolds (D:1)
  A ball python (D:2)
  A frilled lizard (D:1)
  A rat (D:2)
23 creatures vanquished.

Notes
Turn   | Place    | Note
-------+----------+-------------------------------------------
     0 | D:1      | edwardauron the Demonspawn Transmuter began the quest for
                  | the Orb.
     0 | D:1      | Reached XP level 1. HP: 15/15 MP: 3/3
   446 | D:1      | Gained mutation: You are partially covered in thin metallic
                  | scales. (AC +2) [demonic ancestry]
   446 | D:1      | Reached XP level 2. HP: 18/21 MP: 3/5
   567 | D:1      | Found a faded altar of an unknown god.
   571 | D:1      | Prayed at the altar of an unknown god.
   571 | D:1      | Became a worshipper of Warmaster Okawaru
   571 | D:1      | Reached * piety under Okawaru
  1073 | D:2      | Reached XP level 3. HP: 24/26 MP: 4/6
  1635 | D:3      | Noticed an animated crystal plate armour
  1637 | D:3      | Found Asomeit's Armour Shop.
  1638 | D:3      | Noticed an animated pearl dragon scales
  1657 | D:3      | Noticed Terence
  1674 | D:3      | Killed Terence
  1779 | D:3      | Reached XP level 4. HP: 7/35 MP: 3/7
  1783 | D:3      | Mangled by an orc

Illustrated notes

Levels and vault maps discovered:
D:1:      sevenhm_arrival_forest_fort_small_3, layout_basic,
          shapermc_ecumenical_altar_mp_urbaneastern, minmay_tall_x
D:2:      layout_loops_ring, minmay_misc_feat_nine_boxes
D:3:      layout_basic, mainiacjoe_overflow_alcove_4, serial_shops,
          nicolae_book_shop_shelving, nicolae_shop_mannequins, uniq_grinder,
          uniq_terence

Skill      XL: |  1  2  3 |
---------------+----------+-----
Transmutations | 2 3 |  3.0
Fighting       | 3 |  3.0
Unarmed Combat | 3 |  3.0
Dodging        | |  1.7
Spellcasting   | |  2.0
Invocations    | |  0.1

Action                     |  1- 3 |  4- 6 || total
---------------------------+-------+-------++-------
  Melee: Unarmed           |    57 |     2 ||    59
         Kick              |    11 |       ||    11
         Headbutt          |     9 |       ||     9
         Punch             |     2 |       ||     2
   Cast: Beastly Appendage |    14 |       ||    14
 Invoke: Heroism           |     1 |       ||     1
    Use: Potion            |     1 |     3 ||     4
   Stab: Sleeping          |     1 |       ||     1
 Armour: Robe              |    14 |     2 ||    16
  Dodge: Dodged            |    38 |     1 ||    39

Table legend: (Time is in decaauts)
 A = Elapsed time spent in this place.
 B = Non-inter-level travel time spent in this place.
 C = Inter-level travel time spent in this place.
 D = Time resting spent in this place.
 E = Time spent auto-exploring this place.
 F = Levels seen in this place.
 G = Mean time per level.
                   A        B        C        D        E       F      G
               +--------+--------+--------+--------+--------+-----+--------+
         Total |   1779 |   1747 |     32 |    110 |   1461 |   3 |  593.0 |
       Dungeon |   1779 |   1747 |     32 |    110 |   1461 |   3 |  593.0 |
               +--------+--------+--------+--------+--------+-----+--------+

Top non-repeatable levels by time:
     D:1: 963 daAuts
     D:2: 664 daAuts
     D:3: 151 daAuts
